 Dungeon Sprint DCSS version 0.26-a0-227-g1af32d979d (webtiles) character file.

Game seed: 18205543910665720070

4746 MordorOrchid the Spry (level 10, -8/51 HPs)
             Began as a Spriggan Enchanter on July 7, 2020.
             Was a Follower of Elyvilon.
             Mangled by a dire elephant (30 damage)
             ... in the Dungeon (Sprint IX: "|||||||||||||||||||||||||||||").
             The game lasted 00:14:50 (2001 turns).

MordorOrchid the Spry (Spriggan Enchanter)          Turns: 2001, Time: 00:14:51

Health: -8/51      AC:  3    Str:  7    XL:     10   Next: 22%
Magic:  2/25       EV: 35    Int: 19    God:    Elyvilon [*.....]
Gold:   0          SH:  0    Dex: 18    Spells: 17/29 levels left

rFire    . . .     SeeInvis +   y - +1 dagger
rCold    . . .     Faith    .   (shield restricted)
rNeg     . . .     Spirit   .   a - +0 robe
rPois    .         Reflect  .   (helmet restricted)
rElec    .         Harm     .   n - +0 cloak
rCorr    .         NoTele   +   (gloves unavailable)
MR       +....                  (boots unavailable)
Stlth    +++++.....             (no amulet)
HPRegen  0.17/turn              o - +2 ring of evasion
MPRegen  0.19/turn              p - +3 ring of strength

@: confusing touch, very quick
A: very small, unfitting armour, see invisible, herbivore, speed 3, slow
metabolism 2
a: Lesser Healing, Divine Protection, Renounce Religion


You were in the Dungeon.
You worshipped Elyvilon.
Elyvilon was aware of your devotion.
You were not hungry.

You visited 1 branch

Inventory:

Hand Weapons
 b - a cursed +0 shortbow
 l - a +2 scimitar of holy wrath
 m - a +4 quarterstaff of speed
 y - a +1 dagger (weapon)
Missiles
 q - 22 arrows
Armour
 a - a +0 robe (worn)
 n - a +0 cloak (worn)
Magical Staves
 x - an uncursed staff of energy
Jewellery
 o - a +2 ring of evasion (left hand)
 p - a +3 ring of strength (right hand)
Wands
 i - a wand of acid (10)
Scrolls
 c - 3 scrolls of remove curse
 g - 2 scrolls of amnesia
 j - 2 scrolls of blinking
 t - 2 scrolls of identify
 u - a scroll of fog
 v - 2 scrolls of enchant armour
 w - 4 scrolls of enchant weapon
Potions
 e - 7 potions of curing
 f - 5 potions of heal wounds
 h - 4 potions of magic
 r - a potion of stabbing
 s - a potion of brilliance


   Skills:
 * Level 5.2 Fighting
 * Level 4.5 Short Blades
 * Level 16.6 Dodging
 + Level 12.5 Stealth
 - Level 10.4 Spellcasting
 - Level 3.0 Conjurations
 - Level 13.0 Hexes
 - Level 2.0 Ice Magic
 - Level 10.0 Invocations
 - Level 6.0 Evocations


You had 17 spell levels left.
You knew the following spells:

 Your Spells              Type           Power        Failure   Level
a - Corona                Hex            ######.      1%          1
b - Ensorcelled Hibernat  Hex/Ice        #####.       1%          2
d - Tukima's Dance        Hex            ######..     1%          3
e - Dazzling Flash        Conj/Hex       #####.       1%          3
A - Confusing Touch       Hex            ######..     1%          3

Your spell library contained the following spells:

 Spells                   Type           Power        Failure   Level


Dungeon Overview and Level Annotations

Branches:
Dungeon (1/1)

Altars:
Cheibriados
Dithmenos
Elyvilon
Fedhas
Gozag
Hepliaklqana
Kikubaaqudgha
Makhleb
Nemelex Xobeh
Okawaru
Qazlal
Ru
Sif Muna
Trog
Uskayaw
Vehumet
Wu Jian
Xom
Yredelemnul
Zin
The Shining One
Beogh
Jiyva
Lugonu


Innate Abilities, Weirdness & Mutations

You are very small and have problems with some larger weapons.
You are too small for most types of armour.
You have supernaturally acute eyesight. (SInv)
You are a herbivore.
You cover ground extremely quickly.
You need to consume almost no food.


Message History

Confirm with . or Enter, or press ? or * to list all spells.
Things that are here:
a +2 halberd of venom; a +2 dire flail of protection a +1 broad axe of freezing You see here a +2 rapier of draining.
Casting: Dazzling Flash (safe; 1% risk of failure)
Confirm with . or Enter, or press ? or * to list all spells.
The dire elephant is dazzled.
Casting: Dazzling Flash (safe; 1% risk of failure)
Confirm with . or Enter, or press ? or * to list all spells.
Your hands begin to glow brighter.
The dire elephant stops glowing.
You hit the dire elephant but do no damage.
The dire elephant is moderately wounded.
The dire elephant completely misses you.
The dire elephant closely misses you.
You hit the dire elephant but do no damage.
The dire elephant is moderately wounded.
The dire elephant tramples you!!
Ouch! That really hurt!
You die...

▓▓▓▓▓▓▓▓▓▓▓▓▓▓▓▓▓▓▓▓▓▓▓▓▓▓▓▓▓▓▓▓▓
'......'..[.[))Y@'_______________
▓▓▓▓▓▓▓▓▓▓▓▓▓▓▓▓▓▓▓▓▓▓▓▓▓▓▓▓▓▓▓▓▓
.......Y.........................
▓▓▓▓▓▓▓▓▓▓▓▓▓▓▓▓▓▓▓▓▓▓▓▓▓▓▓▓▓▓▓▓▓
YY.Y..'Y.......Y'.....
▓▓▓▓▓▓▓▓▓▓▓▓▓▓▓▓▓▓▓▓▓▓


You could see a dire elephant (blind).

Vanquished Creatures
  A fire crab (D)
  An unseen horror (D)
  An elephant (D)
  A cane toad (D)
  3 komodo dragons (D)
  A blink frog (D)
  A hippogriff (D)
  A wyvern (D)
  A golden eye (shapeshifter) (D)
  3 yaks (D)
  A basilisk (D)
  5 water moccasins (D)
  An ice beast (D)
  3 crocodiles (D)
  A centaur (D)
  A scorpion (D)
  A howler monkey (D)
  A hound (D)
  An orc priest (D)
  2 worker ants (D)
  An adder zombie (D)
  A dart slug (D)
  A bat skeleton (D)
  A bat zombie (D)
  2 goblins (D)
  A hobgoblin (D)
  A jackal (D)
  A frilled lizard (D)
  A leopard gecko skeleton (D)
41 creatures vanquished.

Vanquished Creatures (others)
  A spatial maelstrom (D)
1 creature vanquished.

Grand Total: 42 creatures vanquished

Notes
Turn   | Place    | Note
-------+----------+-------------------------------------------
     0 | D        | MordorOrchid the Spriggan Enchanter began the quest for the
                  | Orb.
     0 | D        | Reached XP level 1. HP: 9/9 MP: 5/5
     7 | D        | Reached skill level 1 in Fighting
     7 | D        | Banished a spatial maelstrom
    25 | D        | Reached skill level 4 in Dodging
   173 | D        | Noticed a worker ant
   173 | D        | Noticed a howler monkey
   173 | D        | Noticed an orc priest
   180 | D        | Killed an orc priest
   180 | D        | Reached skill level 5 in Stealth
   180 | D        | Reached XP level 2. HP: 10/15 MP: 5/7
   180 | D        | Reached XP level 3. HP: 13/18 MP: 6/9
   185 | D        | Reached skill level 5 in Dodging
   185 | D        | Reached skill level 5 in Hexes
   185 | D        | Reached XP level 4. HP: 13/23 MP: 7/11
   195 | D        | Learned a level 3 spell: Confusing Touch
   198 | D        | Learned a level 2 spell: Ensorcelled Hibernation
   202 | D        | Learned a level 3 spell: Tukima's Dance
   400 | D        | Reached skill level 6 in Dodging
   409 | D        | Found a roughly hewn altar of Beogh.
   409 | D        | Found a snail-covered altar of Cheibriados.
   409 | D        | Found a shadowy altar of Dithmenos.
   409 | D        | Found a white marble altar of Elyvilon.
   409 | D        | Found a blossoming altar of Fedhas.
   409 | D        | Found an opulent altar of Gozag.
   410 | D        | Found a hazy altar of Hepliaklqana.
   411 | D        | Found a viscous altar of Jiyva.
   412 | D        | Found an ancient bone altar of Kikubaaqudgha.
   413 | D        | Found a corrupted altar of Lugonu.
   414 | D        | Found a burning altar of Makhleb.
   415 | D        | Became a worshipper of Elyvilon the Healer
   416 | D        | Found a sparkling altar of Nemelex Xobeh.
   417 | D        | Found an iron altar of Okawaru.
   418 | D        | Found a stormy altar of Qazlal.
   419 | D        | Found a sacrificial altar of Ru.
   420 | D        | Found a shimmering blue altar of Sif Muna.
   421 | D        | Found a bloodstained altar of Trog.
   422 | D        | Found a hide-covered altar of Uskayaw.
   423 | D        | Found a radiant altar of Vehumet.
   424 | D        | Found an ornate altar of the Wu Jian Council.
   425 | D        | Found a shimmering altar of Xom.
   426 | D        | Found a basalt altar of Yredelemnul.
   427 | D        | Found a glowing silver altar of Zin.
   428 | D        | Found a glowing golden altar of the Shining One.
   470 | D        | Noticed an unseen horror
   470 | D        | Noticed a centaur
   472 | D        | Reached XP level 5. HP: 28/28 MP: 13/13
   474 | D        | Reached skill level 5 in Invocations
   474 | D        | Reached skill level 5 in Evocations
   476 | D        | Killed a centaur
   476 | D        | Reached skill level 7 in Dodging
   476 | D        | Reached skill level 5 in Spellcasting
   476 | D        | Reached skill level 1 in Ice Magic
   478 | D        | Reached XP level 6. HP: 32/32 MP: 14/14
   480 | D        | Killed an unseen horror
   480 | D        | Reached skill level 10 in Dodging
   480 | D        | Reached XP level 7. HP: 26/36 MP: 12/19
   487 | D        | Noticed a komodo dragon
   487 | D        | Noticed a yak
   487 | D        | Noticed a golden eye
   491 | D        | Killed a golden eye
   491 | D        | Reached skill level 11 in Dodging
   503 | D        | Reached XP level 8. HP: 32/40 MP: 9/21
   524 | D        | Killed a komodo dragon
   524 | D        | Reached skill level 12 in Dodging
   550 | D        | Learned a level 3 spell: Dazzling Flash
   590 | D        | Reached * piety under Elyvilon
   748 | D        | Noticed a cane toad
   748 | D        | Noticed a hippogriff
   764 | D        | Killed a hippogriff
   764 | D        | Reached skill level 1 in Conjurations
   769 | D        | Reached skill level 10 in Spellcasting
   781 | D        | Killed a cane toad
   781 | D        | Reached XP level 9. HP: 46/46 MP: 9/24
   787 | D        | Reached skill level 5 in Fighting
   787 | D        | Reached skill level 13 in Dodging
   820 | D        | Reached skill level 10 in Stealth
   927 | D        | Noticed a fire crab
   928 | D        | Noticed a komodo dragon
   932 | D        | Noticed a komodo dragon
   933 | D        | Killed a fire crab
   933 | D        | Reached skill level 14 in Dodging
   986 | D        | Killed a komodo dragon
   986 | D        | Reached skill level 15 in Dodging
   986 | D        | Reached skill level 10 in Invocations
   986 | D        | Reached XP level 10. HP: 19/51 MP: 13/25
   999 | D        | Reached skill level 16 in Dodging
  1139 | D        | Noticed an elephant
  1139 | D        | Noticed an elephant
  1139 | D        | Noticed an elephant
  1139 | D        | Noticed an elephant
  1139 | D        | Noticed an elephant
  1139 | D        | Noticed a dire elephant
  1562 | D        | Killed an elephant
  2001 | D        | Mangled by a dire elephant

Illustrated notes

Levels and vault maps discovered:
D:        linesprint [early_d, line_temple, items_1, d_10, items_2, lair_1,
          lair_end, items_3, orc_1, orc_end, items_4, d_15, swamp_1, shoals_1,
          snake_1, spider_1, d_20, vaults_1, items_5, swamp_end, shoals_end,
          snake_end, spider_end, vaults_end, d_27, items_6, zot_1, zot_end,
          crypt_end, forest_end, elf_end, slime_end, tomb_end, abyss_end,
          pan_hell_end]

Skill      XL: |  1  2  3  4  5  6  7  8  9 10 |
---------------+-------------------------------+-----
Fighting       | 2 3 4 5 |  5.2
Short Blades   | 3 4 |  4.5
Dodging        | 4 5 6 7 10 11 12 15 16 | 16.6
Stealth        | 5 6 8 12 | 12.5
Spellcasting   | 3 4 5 8 10 | 10.4
Hexes          | 4 5 6 11 12 13 | 13.0
Invocations    | 3 5 7 10 | 10.0
Evocations     | 4 5 6 |  6.0
Ice Magic      | 1 2 |  2.0
Conjurations   | 2 3 |  3.0

Action                   |  1- 3 |  4- 6 |  7- 9 | 10-12 || total
-------------------------+-------+-------+-------+-------++-------
Melee: Dagger            |    25 |    13 |    58 |    35 ||   131
 Cast: Corona            |     3 |     1 |       |     5 ||     9
       Ensorcelled Hiber |       |     2 |    21 |    27 ||    50
       Confusing Touch   |       |       |     4 |     8 ||    12
       Dazzling Flash    |       |       |       |    13 ||    13
Invok: Lesser Healing    |       |       |     1 |       ||     1
  Use: Potion            |     2 |     1 |       |       ||     3
 Stab: Sleeping          |     2 |     6 |    19 |     4 ||    31
       Invisible         |       |       |     5 |     3 ||     8
       Confused          |       |       |     1 |     2 ||     3
  Eat: Ration            |       |       |       |     1 ||     1
Armor: Robe              |     1 |     1 |     2 |     2 ||     6
Dodge: Dodged            |    12 |    12 |    32 |    31 ||    87

Table legend:
 A = Non-vault XP
 B = Vault XP
 C = Vault XP percentage of total XP
 D = Non-vault monster count
 E = Vault monster count
 F = Vault count percentage of total count
                 A         B        C        D         E       F
            +---------+---------+-------+---------+---------+-------
      Total |       0 |    6780 | 100.0 |       0 |      41 | 100.0
            +---------+---------+-------+---------+---------+-------
          D |       0 |    6780 | 100.0 |       0 |      41 | 100.0
            +---------+---------+-------+---------+---------+-------
